 Dungeon Crawl Stone Soup version 0.29-a0-322-g68df515428 (webtiles) character file.

Game seed: 5186476383238778548

3 GigaChad the Chopper (level 1, 0/18 HPs)
             Began as a Minotaur Gladiator on Apr 5, 2022.
             Was a Follower of Trog.
             Slain by a quokka (1 damage)
             ... on level 1 of the Dungeon.
             The game lasted 00:00:33 (88 turns).

GigaChad the Chopper (Minotaur Gladiator)             Turns: 88, Time: 00:00:33

Health: 0/18       AC:  3    Str: 18    XL:     1   Next: 41%
Magic:  0/0        EV: 12    Int:  5    God:    Trog [*.....]
Gold:   0          SH:  0    Dex: 11    Spells: 0/0 levels left

rFire   . . .      SeeInvis .   a - +0 war axe
rCold   . . .      Faith    .   (no shield)
rNeg    . . .      Spirit   .   b - +0 leather armour
rPois   .          Reflect  .   c - +0 hat
rElec   .          Harm     .   (no cloak)
rCorr   .          Rampage  .   (no gloves)
Will    .....                   (no boots)
Stlth   +.........              (no amulet)
HPRegen 0.06/turn               (no ring)
MPRegen 0.07/turn               (no ring)

@: no status effects
A: horns 2, retaliatory headbutt
a: Renounce Religion, Berserk


You were on level 1 of the Dungeon.
You worshipped Trog.
Trog was aware of your devotion.
You visited 1 branch of the dungeon, and saw 1 of its levels.

Inventory:

Hand Weapons
 a - a +0 war axe (weapon)
Missiles
 d - 3 throwing nets (quivered)
 e - a javelin
Armour
 b - a +0 leather armour (worn)
 c - a +0 hat (worn)
Potions
 f - a potion of flight {unknown}


   Skills:
 + Level 2.4 Fighting
 + Level 3.7 Axes
 + Level 2.0 Throwing
 + Level 3.3 Dodging


You couldn't memorise any spells.
You didn't know any spells.
Your spell library contained the following spells:

 Spells                   Type           Power      Damage    Failure   Level
 Sandblast                Erth           0%         2d4       54%         1


Dungeon Overview and Level Annotations

Branches:
Dungeon (1/15)

Altars:
Trog


Innate Abilities, Weirdness & Mutations

You have a pair of horns on your head.
You reflexively headbutt those who attack you in melee.


Message History

You kill the endoplasm!
A ball python comes into view.
The ball python hisses angrily.
You hit the ball python.
You kill the ball python!
An endoplasm comes into view.
Found an emerald potion and Plato's Tome of Clay.
Found a faded altar of an unknown god.
The endoplasm quivers.
The endoplasm attacks as you move away! The endoplasm hits you.
The endoplasm freezes you.
You are frozen.
The endoplasm freezes you.
You are frozen.
You hit the endoplasm.
The endoplasm is moderately wounded.
The endoplasm freezes you.
You are frozen.
The endoplasm barely misses you. You furiously retaliate!
You headbutt the endoplasm!
You kill the endoplasm!
f - an emerald potion You pick up Plato's Tome of Clay and begin reading...
You add the spell Sandblast to your library.
There is a faded altar of an unknown god here.
There is a faded altar of an unknown god here.
You cannot tell which god this altar belongs to.
Convert to them anyway?
Trog accepts your prayer! Trog welcomes you!
You can now go berserk at will.
A quokka comes into view.
The quokka evades a web.
You closely miss the quokka. The quokka bites you.
* * * LOW HITPOINT WARNING * * *
The quokka bites you.
* * * LOW HITPOINT WARNING * * *
The quokka closely misses you.
A goblin comes into view. It is wielding a +0 dagger.
The goblin shouts!
The quokka bites you.
You die...

#..#####..##
#.#....#.#
#......#.## #######
###.......J ##.....##
#....#### ##.......##
#....# #
#.........#####...###
#...................#
#....@r^^^.^...^.^^.#
#.....#.#P#._.#.#P#.#
#.....#.#.#####P#P#.#
#......#P#. P#.#...
#......P#.## ##
#..... #....... #.
..... #....... ##
.##. #..g..... ..


You could see a quokka and a goblin.

Vanquished Creatures
  2 endoplasms (D:1)
  A ball python (D:1)
3 creatures vanquished.

Notes
Turn   | Place    | Note
-------+----------+-------------------------------------------
     0 | D:1      | GigaChad the Minotaur Gladiator began the quest for the
                  | Orb.
     0 | D:1      | Reached XP level 1. HP: 18/18 MP: 0/0
    51 | D:1      | Found a faded altar of an unknown god.
    72 | D:1      | Got Plato's Tome of Clay
    75 | D:1      | Prayed at the altar of an unknown god.
    75 | D:1      | Became a worshipper of Trog the Wrathful
    75 | D:1      | Reached * piety under Trog
    88 | D:1      | Slain by a quokka

Illustrated notes

Levels and vault maps discovered:
D:1:      dpeg_arrival_windows_large_door, layout_rooms,
          shapermc_ecumenical_altar_rom_forum, kennysheep_crisscross

Action                   || total
-------------------------++-------
Melee: War axe           ||     5
Dodge: Dodged            ||     4

Table legend: (Time is in decaauts)
 A = Elapsed time spent in this place.
 B = Non-inter-level travel time spent in this place.
 C = Inter-level travel time spent in this place.
 D = Time resting spent in this place.
 E = Time spent auto-exploring this place.
 F = Levels seen in this place.
 G = Mean time per level.
                   A        B        C        D        E       F      G
               +--------+--------+--------+--------+--------+-----+--------+
         Total |     89 |     89 |      0 |      0 |      3 |   1 |   89.0 |
       Dungeon |     89 |     89 |      0 |      0 |      3 |   1 |   89.0 |
               +--------+--------+--------+--------+--------+-----+--------+

Top non-repeatable levels by time:
     D:1: 89 daAuts
